 Dungeon Crawl Stone Soup version 0.28-a0-1518-gbe868bca14 (webtiles) character file.

Game seed: 10595290603016117943

10359 Essalna the Spear-Bearer (level 11, -16/70 (86) HPs)
             Began as a Merfolk Ice Elementalist on Jan 17, 2022.
             Was an Initiate of Yredelemnul.
             Killed from afar by Josephine (23 damage)
             ... with a ghostly fireball
             ... on level 11 of the Dungeon.
             The game lasted 00:37:38 (15142 turns).

Essalna the Spear-Bearer (MfIE)                    Turns: 15142, Time: 00:37:39

HP:   -16/70 (86)   AC: 20    Str:  4    XL:     11   Next: 60%
MP:   16/21         EV: 14    Int: 21    God:    Yredelemnul [......]
Gold: 631           SH: 10    Dex: 15    Spells: 12/23 levels left

rFire   x . .      SeeInvis .   S - +7 trident of Culysus {venom, rElec rCorr Str-4 Int+2}
rCold   + . .      Faith    .   h - +0 buckler
rNeg    . . .      Spirit   .   q - +3 leather armour
rPois   .          Reflect  +   r - +0 helmet
rElec   +          Harm     .   (no cloak)
rCorr   +          Rampage  +   D - +0 pair of gloves
Will    .....                   N - +2 pair of boots {rampage}
Stlth   ++........              R - amulet of reflection
HPRegen 0.21/turn               t - ring of ice
MPRegen 0.17/turn               (no ring)

@: ice-armoured, freezing walls, heavily drained
A: (nimble swimmer 2), mertail
a: Renounce Religion, Recall Undead Harvest


You were on level 11 of the Dungeon.
You worshipped Yredelemnul.
Yredelemnul was noncommittal.
You visited 2 branches of the dungeon, and saw 12 of its levels.

You collected 631 gold pieces.

Inventory:

Hand Weapons
 e - a +0 spear
 f - a +0 whip of holy wrath
 B - a +3 spear
 I - the +10 short sword of the Distant Future {vorpal, rF+ Str+5 Int+4}
   (You found it on level 7 of the Dungeon)

   It inflicts extra damage upon your enemies.
   Str:       It affects your strength (+5).
   Int:       It affects your intelligence (+4).
   rF:        It protects you from fire.
 M - a +1 spear of venom
 S - the +7 trident of Culysus (weapon) {venom, rElec rCorr Str-4 Int+2}
   (You found it on level 8 of the Dungeon)

   It poisons the flesh of those it strikes.
   Str:       It affects your strength (-4).
   Int:       It affects your intelligence (+2).
   rElec:     It insulates you from electricity.
   rCorr:     It protects you from acid and corrosion.
Missiles
 n - 2 throwing nets
Armour
 a - a +0 robe
 h - a +0 buckler (worn)
 q - a +3 leather armour (worn)
 r - a +0 helmet (worn)
 D - a +0 pair of gloves (worn)
 G - a +2 leather armour of cold resistance
 N - a +2 pair of boots of rampaging (worn)
Magical Staves
 v - a staff of conjuration
 H - a staff of cold
 J - a staff of fire
Jewellery
 t - a ring of ice (left hand)
 R - an amulet of reflection (around neck)
Wands
 z - a wand of flame (41)
 K - a wand of acid (19)
 L - a wand of mindburst (11)
 P - a wand of iceblast (7)
 V - a wand of charming (4)
Scrolls
 b - 13 scrolls of identify {unknown}
 c - 3 scrolls of fog {unknown}
 i - 2 scrolls of amnesia {unknown}
 l - a scroll of enchant weapon {unknown}
 p - 3 scrolls of immolation {unknown}
 s - 5 scrolls of teleportation {unknown}
 w - 2 scrolls of silence {unknown}
 y - 2 scrolls of vulnerability {unknown}
 C - a scroll of summoning
 E - a scroll of torment {unknown}
 O - a scroll of holy word {unknown}
 Q - a scroll of acquirement {unknown}
 T - a scroll of enchant armour {unknown}
Potions
 d - 3 potions of might {unknown}
 g - 2 potions of brilliance {unknown}
 j - 3 potions of mutation {unknown}
 k - 2 potions of haste {unknown}
 m - 2 potions of flight {unknown}
 o - 5 potions of curing {unknown}
 u - 4 potions of resistance {unknown}
 x - 2 potions of degeneration {unknown}
 A - a potion of magic {unknown}
 F - 3 potions of heal wounds {unknown}
 U - a potion of invisibility {unknown}
 W - a potion of berserk rage {unknown}


   Skills:
 + Level 7.9 Fighting
 + Level 10.1 Polearms
 + Level 4.2 Armour
 + Level 8.0 Dodging
 - Level 2.1 Stealth
 - Level 4.0 Shields
 + Level 6.6 Spellcasting
 + Level 9.3 Ice Magic
 + Level 6.2 Poison Magic


You had 12 spell levels left.
You knew the following spells:

 Your Spells              Type           Power      Damage    Failure   Level
a - Freeze                Ice            100%       1d11      1%          1
b - Ozocubu's Armour      Ice            62%        N/A       1%          3
c - Frozen Ramparts       Ice            100%       1d12      1%          3
d - Olgreb's Toxic Radia  Pois           33%        N/A       16%         4

Your spell library contained the following spells:

 Spells                   Type           Power      Damage    Failure   Level
 Sting                    Tmut/Pois      80%        1d7       5%          1
 Poisonous Vapours        Pois/Air       40%        N/A       9%          2
 Animate Skeleton         Necr           12%        N/A       21%         1
 Pain                     Necr           24%        1d5       21%         1
 Sandblast                Erth           12%        2d6       21%         1
 Hailstorm                Conj/Ice       40%        3d10      28%         4
 Ice Form                 Ice/Tmut       40%        N/A       28%         4
 Summon Ice Beast         Ice/Summ       40%        N/A       28%         4
 Passwall                 Tmut/Erth      5%         N/A       30%         2
 Portal Projectile        Hex/Tloc       12%        N/A       52%         3
 Stone Arrow              Conj/Erth      12%        3d7       52%         3
 Vampiric Draining        Necr           6%         2d6       52%         3
 Passage of Golubria      Tloc           6%         N/A       90%         4
 Blade Hands              Tmut           3%         N/A       99%         5
 Excruciating Wounds      Necr           3%         N/A       99%         5
 Silence                  Hex/Air        3%         N/A       99%         5
 Lehudib's Crystal Spear  Conj/Erth      3%         10d2      100%        8


Dungeon Overview and Level Annotations

Branches:
Dungeon (11/15)            Temple (1/1) D:7            Lair (0/6) D:9
    Orc (0/2) D:10

Altars:
Ashenzari
Cheibriados
Dithmenos
Elyvilon
Fedhas
Gozag
Hepliaklqana
Kikubaaqudgha
Makhleb
Nemelex Xobeh
Okawaru
Qazlal
Ru
Sif Muna
Trog
Uskayaw
Vehumet
Wu Jian
Xom
Yredelemnul
Zin
The Shining One

Shops:
D:10 [

Annotations:
D:11 Josephine


Innate Abilities, Weirdness & Mutations

((You are very nimble when in or above water. (Stealth+, EV+, Speed+++)))
Your lower body shifts to a powerful aquatic tail in water.


Message History

The wall freezes the wraith.
The wraith resists.
The wall freezes the wraith.
You hit Josephine.
Josephine is moderately wounded.
The wraith resists.
The wall freezes the wraith.
Josephine resists.
The wall freezes Josephine.
Josephine barely misses you.
The wraith resists.
The wall freezes the wraith.
The wraith resists.
The wall freezes the wraith.
You closely miss Josephine.
Josephine is heavily wounded.
The wraith resists.
The wall freezes the wraith.
The wraith resists.
The wall freezes the wraith.
Josephine resists.
The wall freezes Josephine.
Josephine misses you.
Okay, then.
You barely miss Josephine.
Josephine is heavily wounded.
The wraith resists.
The wall freezes the wraith.
The wraith resists.
The wall freezes the wraith.
You hit Josephine.
Josephine looks as sick as possible!
Josephine is heavily wounded.
Josephine resists.
The wall freezes Josephine.
Josephine barely misses you.
The wraith resists.
The wall freezes the wraith.
The wraith completely resists.
The wall freezes the wraith but does no damage.
You puncture Josephine!
Josephine looks as sick as possible!
Josephine is severely wounded.
The wraith resists.
The wall freezes the wraith.
Josephine resists.
The wall freezes Josephine.
Josephine points at you and mumbles some strange words.
The ghostly flame explodes!
The ghostly fireball engulfs you.
You feel drained.
* * * LOW HITPOINT WARNING * * *
The ghostly fireball engulfs Josephine.
Josephine completely resists.
The wraith resists.
The wall freezes the wraith.
The wraith completely resists.
The wall freezes the wraith but does no damage.
You closely miss Josephine.
Josephine is almost dead.
The wraith resists.
The wall freezes the wraith.
Josephine resists.
The wall freezes Josephine.
Josephine gestures at you while chanting.
The ghostly flame explodes!
The ghostly fireball engulfs you!!
You feel drained.
You die...
Your body rises from the dead as a mindless zombie.

.# #+# .# #.# .
#.##### ##. ##.#...
..# ##....# #.# ##
#.....#####.####.#
#..W##....#....<.....#
#..WW@@.....#.#.######
#...###.#.#...#.# ##
#.#.......#
#.######### #.# #.#
#.# #.#


You could see Josephine (extremely poisoned) and 3 wraiths.

Vanquished Creatures
  A two-headed ogre (D:10)
  The ghost of Stonecrops the Shield-Bearer, a novice FoFi (D:8)
  Pikel (D:4)
  A kobold demonologist (D:8)
  2 trolls
  3 yaks
  Eustachio (D:4)
  A steam dragon (D:8)
  An acid dragon (D:9)
  2 water moccasins
  A sky beast (D:5)
  3 ice beasts
  5 orc warriors
  5 centaurs
  4 wolves
  3 ogres
  2 lemures (D:4)
  8 kobold brigands
  A gnoll sergeant (D:8)
  A bullfrog (D:7)
  A wyvern zombie (D:7)
  A water moccasin skeleton (D:4)
  7 killer bees
  13 wights
  A howler monkey (D:8)
  5 electric eels
  5 centaur zombies
  A crimson imp (D:5)
  A jelly (D:3)
  6 hounds
  A gnoll shaman (D:9)
  13 orc priests
  Ijyb (D:5)
  5 iguanas
  17 orc wizards
  A killer bee zombie (D:7)
  A hound skeleton (D:5)
  A howler monkey zombie (D:5)
  A killer bee simulacrum (D:8)
  Robin (D:4)
  10 gnolls
  8 adders
  3 white imps
  A howler monkey simulacrum (D:8)
  4 ufetubi
  2 worms (D:2)
  2 dart slugs
  56 orcs
  6 bats
  4 endoplasms
  3 giant cockroaches
  17 goblins
  13 hobgoblins
  4 jackals (D:4)
  3 quokkas
  2 ball pythons (D:1)
  6 frilled lizards
  19 kobolds
  A quokka skeleton (D:4)
  14 rats
308 creatures vanquished.

Vanquished Creatures (collateral kills)
  A manticore (D:9)
  A shadow (D:10)
  4 kobold brigands (D:8)
  2 wights
  An electric eel (D:8)
  3 orc priests
  3 gnolls (D:9)
  2 orcs
  A kobold (D:9)
18 creatures vanquished.

Vanquished Creatures (others)
  A wolf zombie (D:9)
  3 centaur zombies
  3 killer bee zombies (D:8)
  17 kobold zombies
  5 gnoll zombies
  15 orc zombies
  2 spectral ufetubi (D:8)
46 creatures vanquished.

Grand Total: 372 creatures vanquished

Notes
Turn   | Place    | Note
-------+----------+-------------------------------------------
     0 | D:1      | Essalna the Merfolk Ice Elementalist began the quest for
                  | the Orb.
     0 | D:1      | Reached XP level 1. HP: 13/13 MP: 3/3
   590 | D:1      | Reached skill level 1 in Fighting
   590 | D:1      | Reached XP level 2. HP: 9/21 MP: 3/5
  1390 | D:2      | Reached skill level 1 in Polearms
  1390 | D:2      | Reached XP level 3. HP: 24/27 MP: 3/6
  1635 | D:2      | Reached skill level 5 in Ice Magic
  1909 | D:2      | Learned a level 3 spell: Ozocubu's Armour
  2140 | D:2      | Reached skill level 2 in Polearms
  2140 | D:2      | Reached XP level 4. HP: 30/33 MP: 2/7
  2459 | D:3      | Noticed a fire elemental
  2460 | D:3      | Found a stormy altar of Qazlal.
  2463 | D:3      | Found an opulent altar of Gozag.
  2466 | D:3      | Noticed an earth elemental
  2466 | D:3      | Noticed an air elemental
  2466 | D:3      | Noticed a water elemental
  3137 | D:4      | Noticed an orc warrior
  3443 | D:2      | Reached skill level 1 in Shields
  3443 | D:2      | Reached XP level 5. HP: 27/39 MP: 4/8
  3797 | D:3      | Reached skill level 3 in Polearms
  3949 | D:3      | Found a snail-covered altar of Cheibriados.
  4146 | D:3      | Reached XP level 6. HP: 39/47 MP: 2/9
  4357 | D:4      | Learned a level 3 spell: Frozen Ramparts
  4368 | D:4      | Noticed Pikel
  4393 | D:4      | Killed Pikel
  4394 | D:4      | Reached skill level 4 in Polearms
  4394 | D:4      | Reached XP level 7. HP: 32/54 MP: 1/12
  4529 | D:4      | Reached skill level 5 in Polearms
  4697 | D:4      | Noticed Robin
  4708 | D:4      | Killed Robin
  4806 | D:4      | Found a shimmering blue altar of Sif Muna.
  4841 | D:4      | Reached XP level 8. HP: 59/60 MP: 8/13
  4875 | D:4      | Got Sif Muna's Handbook of the Rocks
  4995 | D:4      | Noticed Eustachio
  5008 | D:4      | Killed Eustachio
  5225 | D:4      | Found a glowing silver altar of Zin.
  5519 | D:4      | Learned a level 4 spell: Olgreb's Toxic Radiance
  5776 | D:5      | Entered Level 5 of the Dungeon
  5949 | D:5      | Reached skill level 6 in Polearms
  5955 | D:5      | Reached skill level 1 in Poison Magic
  6369 | D:5      | Noticed Ijyb
  6379 | D:5      | Killed Ijyb
  6575 | D:5      | Reached skill level 5 in Fighting
  6575 | D:5      | Reached skill level 1 in Armour
  6865 | D:5      | Identified the +10 hand axe of Conscience {pain, rElec rF+}
  7105 | D:5      | Found a burning altar of Makhleb.
  7106 | D:5      | Found a shimmering altar of Xom.
  7332 | D:6      | Reached XP level 9. HP: 68/68 MP: 12/15
  7517 | D:6      | Identified the +8 whip of Zin's Reproof {holy, Fragile
                  | +Blink rPois Dex+4}
  7543 | D:6      | Found a sacrificial altar of Ru.
  7740 | D:6      | Reached skill level 7 in Polearms
  8314 | D:7      | Identified the +10 short sword of the Distant Future
                  | {vorpal, rF+ Str+5 Int+4}
  8426 | D:7      | Found a hide-covered altar of Uskayaw.
  8523 | D:7      | Found a staircase to the Ecumenical Temple.
  8568 | D:7      | Reached skill level 5 in Dodging
  8776 | Temple   | Entered the Ecumenical Temple
  8896 | Temple   | Became a worshipper of Yredelemnul the Dark
  9086 | D:8      | Noticed Stonecrops's ghost (novice FoFi)
  9086 | D:8      | Noticed a kobold demonologist
  9086 | D:8      | Found a runed translucent gate.
  9086 | D:8      | Found a runed translucent gate.
  9086 | D:8      | Found a runed translucent gate.
  9094 | D:8      | Found an ornate altar of the Wu Jian Council.
  9111 | D:8      | Reached skill level 5 in Spellcasting
  9115 | D:8      | Killed a kobold demonologist
  9356 | D:8      | Reached XP level 10. HP: 59/76 MP: 13/17
  9357 | D:8      | Reached * piety under Yredelemnul
  9357 | D:8      | Reached skill level 8 in Polearms
  9472 | D:8      | Reached ** piety under Yredelemnul
  9769 | D:8      | Killed Stonecrops's ghost
 11912 | D:9      | Reached skill level 5 in Poison Magic
 11916 | D:9      | Noticed a manticore
 11921 | D:9      | Reached skill level 9 in Polearms
 11937 | D:9      | Killed a manticore
 11938 | D:9      | Reached XP level 11. HP: 84/84 MP: 12/20
 11944 | D:9      | Found a staircase to the Lair.
 12228 | D:9      | Reached *** piety under Yredelemnul
 12451 | D:9      | Reached **** piety under Yredelemnul
 12809 | D:9      | Reached ***** piety under Yredelemnul
 13286 | D:8      | Identified the +7 trident of Culysus {venom, rElec rCorr
                  | Str-4 Int+2}
 13925 | D:10     | Entered Level 10 of the Dungeon
 13947 | D:10     | Found a white marble altar of Elyvilon.
 14240 | D:10     | Found a sparkling altar of Nemelex Xobeh.
 14420 | D:10     | Found a staircase to the Orcish Mines.
 14874 | D:10     | Noticed a two-headed ogre
 14889 | D:10     | Killed a two-headed ogre
 14957 | D:10     | Found Amiuwk's Armour Boutique.
 14974 | D:10     | Reached skill level 10 in Polearms
 15127 | D:11     | Noticed Josephine
 15142 | D:11     | Killed from afar by Josephine

Illustrated notes

Levels and vault maps discovered:
D:1:      dpeg_arrival_rooms_a, layout_loops_ring, minmay_rat_gold_closets
D:2:      layout_loops_ring, hangedman_decor_clover_reticule
D:3:      layout_basic, nicolae_gozag_seed_capital,
          mainiacjoe_overflow_24_doors, nicolae_qazlal_style_of_elements
D:4:      layout_cave_pods, mainiacjoe_overflow_surrounded_room, led_sif_book,
          uniq_pikel, uniq_eustachio, uniq_robin
D:5:      layout_loops_ring, grunt_temple_overflow_champion_of_chaos,
          serial_bayou_pond_d, uniq_ijyb
D:6:      layout_basic, mainiacjoe_overflow_six_doors_small
D:7:      layout_rooms, kennysheep_mini_moat, minmay_temple_entry_waves
D:8:      layout_layer_cave, mainiacjoe_overflow_small_starburst, serial_ice,
          serial_ice_b, serial_ice_i, serial_ice_m, serial_ice_h,
          gammafunk_ghost_nasty_kobolds
D:9:      layout_gridville, erik_lair_island, hangedman_decor_points,
          kennysheep_generic_room_16
D:10:     layout_rooms, elyvilon_altar_3, marbit_many_paths, hiddenorc2_lemuel,
          st_stairs_14, hangedman_abyss_or_decor_clamps,
          kennysheep_windowed_goal
D:11:     layout_loops_corners, kennysheep_generic_room_3, uniq_josephine
Temple:   cyrus_temple_forest

Skill      XL: |  1  2  3  4  5  6  7  8  9 10 11 |
---------------+----------------------------------+-----
Fighting       | 1 2 3 4 5 6 7 |  7.9
Polearms       | 1 2 3 4 5 6 7 9 10 | 10.1
Ice Magic      | 5 6 7 8 9 |  9.3
Shields        | 1 2 3 4 |  4.0
Spellcasting   | 3 4 5 6 |  6.6
Dodging        | 3 5 7 8 |  8.0
Poison Magic   | 1 3 5 6 |  6.2
Armour         | 1 2 3 4 |  4.2
Stealth        | |  2.1

Action                   |  1- 3 |  4- 6 |  7- 9 | 10-12 || total
-------------------------+-------+-------+-------+-------++-------
Melee: Unarmed           |     5 |       |       |       ||     5
       Spear             |    66 |    62 |   311 |   334 ||   773
       Trident           |       |       |       |   163 ||   163
       Tailslap          |       |       |       |     1 ||     1
 Cast: Freeze            |    39 |    45 |       |       ||    84
       Frozen Ramparts   |       |     2 |    38 |    22 ||    62
       Ozocubu's Armour  |       |     1 |     7 |    16 ||    24
 Stab: Sleeping          |    12 |     4 |     3 |     6 ||    25
       Distracted        |     1 |       |     3 |     4 ||     8
Armor: Robe              |    14 |    11 |     2 |       ||    27
       Leather armour    |       |       |    77 |   130 ||   207
Dodge: Dodged            |    29 |    42 |   141 |   194 ||   406
Block: Buckler           |     1 |    12 |    57 |   113 ||   183
       Reflection        |       |       |       |     2 ||     2

Table legend: (Time is in decaauts)
 A = Elapsed time spent in this place.
 B = Non-inter-level travel time spent in this place.
 C = Inter-level travel time spent in this place.
 D = Time resting spent in this place.
 E = Time spent auto-exploring this place.
 F = Levels seen in this place.
 G = Mean time per level.
                   A        B        C        D        E       F      G
               +--------+--------+--------+--------+--------+-----+--------+
         Total |  14959 |  14552 |    407 |    204 |  11842 |  12 | 1246.6 |
       Dungeon |  14798 |  14431 |    367 |    204 |  11736 |  11 | 1345.3 |
        Temple |    161 |    121 |     40 |      0 |    106 |   1 |  161.0 |
               +--------+--------+--------+--------+--------+-----+--------+

Top non-repeatable levels by time:
     D:8: 2700 daAuts
     D:4: 1902 daAuts
     D:9: 1618 daAuts
     D:5: 1424 daAuts
     D:2: 1395 daAuts
     D:1: 1332 daAuts
     D:7: 1256 daAuts
     D:3: 1139 daAuts
    D:10: 1107 daAuts
     D:6: 840 daAuts
  Temple: 161 daAuts
    D:11: 81 daAuts
